 Dungeon Crawl Stone Soup version 0.28-a0-697-g47f3eba078 (webtiles) character file.

Game seed: 18104513294189702102

1633 ytrimaz the Cleaver (level 9, -4/61 (64) HPs)
             Began as a Formicid Fighter on Oct 23, 2021.
             Slain by a wight (7 damage)
             ... on level 6 of the Dungeon.
             The game lasted 00:11:34 (7080 turns).

ytrimaz the Cleaver (Formicid Fighter)              Turns: 7080, Time: 00:11:35

HP:   -4/61 (64)    AC: 11    Str: 26    XL:     9   Next: 18%
MP:   9/9           EV:  8    Int:  8    God:
Gold: 1490          SH:  4    Dex: 10    Spells: 8/8 levels left

rFire   . . .      SeeInvis +   a - +1 war axe (freeze)
rCold   . . .      Faith    .   c - +0 buckler
rNeg    . . .      Spirit   .   j - +0 chain mail
rPois   .          Reflect  .   (helmet unavailable)
rElec   .          Harm     .   (no cloak)
rCorr   +          Rampage  .   g - +1 pair of gloves
Will    .....                   (no boots)
Stlth   ..........              (no amulet)
HPRegen 0.20/turn               i - ring of resist corrosion
MPRegen 0.11/turn               (no ring)

@: mighty, lightly drained
A: permanent stasis, dig shafts and tunnels, antennae 3, four strong arms,
strong 1
a: Dig, Shaft Self


You were on level 6 of the Dungeon.
You visited 1 branch of the dungeon, and saw 7 of its levels.
You also visited: Sewer and Ossuary.

You collected 1715 gold pieces.
You spent 225 gold pieces at shops.

Inventory:

Hand Weapons
 a - a +1 war axe of freezing (weapon)
 s - a +1 battleaxe
Missiles
 y - a throwing net
Armour
 c - a +0 buckler (worn)
 g - a +1 pair of gloves (worn)
 j - a +0 chain mail (worn)
 v - the +1 ring mail "Necokorch" {rF+ rC++ rCorr Int-3}
   (You bought it in a shop on level 3 of the Dungeon)

   Int:       It affects your intelligence (-3).
   rF:        It protects you from fire.
   rC:        It greatly protects you from cold.
   rCorr:     It protects you from acid and corrosion.
Jewellery
 i - a ring of resist corrosion (left hand)
Wands
 b - a wand of digging (3)
 d - a wand of iceblast (10)
 z - a wand of polymorph (11)
Scrolls
 k - 3 scrolls of fog
 l - a scroll of enchant weapon
 x - a scroll of fear
Potions
 e - 3 potions of curing
 f - a potion of heal wounds
 h - a potion of attraction {unknown}
 m - 3 potions of brilliance
 n - a potion of might
 o - 3 potions of cancellation
 p - 2 potions of magic
 q - 2 potions of lignification {unknown}
 r - a potion of degeneration {unknown}


   Skills:
 + Level 3.4 Fighting
 * Level 11.1 Axes
 + Level 3.4 Armour
 - Level 3.6 Shields


You had 8 spell levels left.
You didn't know any spells.
Your spell library contained the following spells:

 Spells                   Type           Power      Damage    Failure   Level
 Magic Dart               Conj           0%         1d3       95%         1
 Call Imp                 Summ           0%         N/A       99%         2
 Mephitic Cloud           Conj/Pois/Air  0%         N/A       100%        3


Dungeon Overview and Level Annotations

Branches:
Dungeon (7/15)              Sewer (visited)         Ossuary (visited)
 Temple: D:4-7

Altars:

Shops:
D:3 [


Innate Abilities, Weirdness & Mutations

You cannot be hasted, slowed, berserked, paralysed or teleported.
You can dig through walls and to a lower floor.
You have a pair of large antennae on your head. (SInv)
Your four strong arms can wield two-handed weapons with a shield.
Your muscles are strong. (Str +2)


Message History

You closely miss the wight.
The wight hits you with a +4 morningstar of freezing.
The wight freezes you.
Unknown command.
You closely miss the orc warrior.
The orc warrior is lightly wounded.
You hit the wight.
The orc warrior hits you but does no damage.
The wight completely misses you.
You barely miss the orc warrior.
The orc warrior is lightly wounded.
You barely miss the wight. The orc warrior closely misses you.
The wight hits you with a +4 morningstar of freezing.
The wight freezes you.
Unknown command.
You hit the orc warrior. You freeze the orc warrior.
The orc warrior is moderately wounded.
You slash the wight!
The orc warrior hits you but does no damage.
You block the wight's attack.
You hit the orc warrior but do no damage.
The orc warrior is moderately wounded.
You closely miss the wight.
The orc warrior hits you with a +0 short sword!
* * * LOW HITPOINT WARNING * * *
You block the wight's attack.
Unknown command.
You closely miss the wight.
The wight is almost destroyed.
You hit the orc warrior. You freeze the orc warrior.
The orc warrior hits you with a +0 short sword.
* * * LOW HITPOINT WARNING * * *
The wight hits you with a +4 morningstar of freezing.
* * * LOW HITPOINT WARNING * * *
You feel drained.
* * * LOW HITPOINT WARNING * * *
The wight freezes you.
* * * LOW HITPOINT WARNING * * *
The wight hits you from afar with a +0 halberd!
You die...

###....... ###.........
##.#.<..##....##..
#.<...# .......... ###
#.....##........#
#...##.........$....#
##...#...)..###......#.
##.....z......##........
#......@.z....#.........
#.....)o#...............
#..#....##......$.......
# #....................
##......#..........##
#####..#........###
#####.#.#.....
#...###.... #.... ....


You could see an orc warrior and 2 wights.

Vanquished Creatures
  Grinder (D:5)
  Eustachio (D:5)
  Purgy (D:3)
  An ice beast (D:5)
  3 ogres
  2 bullfrogs (Sewer)
  A scorpion (D:5)
  2 wights
  2 hounds
  A bullfrog skeleton (D:5)
  A centaur skeleton (D:5)
  A jelly (D:5)
  An iguana (D:5)
  8 mummies (Ossuary)
  A howler monkey zombie (D:5)
  A howler monkey skeleton (D:5)
  8 adders
  4 river rats (Sewer)
  A shadow imp (D:7)
  2 ufetubi
  3 worms
  5 dart slugs
  6 orcs (D:4)
  3 bats
  12 endoplasms
  5 giant cockroaches
  3 gnoll zombies (Ossuary)
  7 goblins
  17 hobgoblins
  8 jackals
  6 quokkas
  13 ball pythons
  5 frilled lizards
  A hobgoblin zombie (Ossuary)
  8 kobolds
  2 kobold zombies (Ossuary)
  2 orc zombies (Ossuary)
  23 rats (Sewer)
172 creatures vanquished.

Vanquished Creatures (collateral kills)
  An adder (Sewer)
  5 ball pythons (Sewer)
6 creatures vanquished.

Grand Total: 178 creatures vanquished

Notes
Turn   | Place    | Note
-------+----------+-------------------------------------------
     0 | D:1      | ytrimaz the Formicid Fighter began the quest for the Orb.
     0 | D:1      | Reached XP level 1. HP: 18/18 MP: 1/1
   138 | D:1      | Reached XP level 2. HP: 7/24 MP: 2/2
   462 | D:1      | Reached skill level 3 in Axes
   490 | D:1      | Reached XP level 3. HP: 20/29 MP: 3/3
  1098 | D:2      | Reached XP level 4. HP: 25/35 MP: 4/4
  1155 | D:2      | Reached skill level 4 in Axes
  1858 | D:2      | Found a faded altar of an unknown god.
  2215 | D:3      | Noticed Purgy
  2224 | D:3      | Killed Purgy
  2225 | D:3      | Reached skill level 5 in Axes
  2225 | D:3      | Reached XP level 5. HP: 30/41 MP: 5/5
  2389 | D:3      | Reached XP level 6. HP: 43/47 MP: 6/6
  2468 | D:3      | Found a glowing drain.
  2487 | Sewer    | Entered a sewer
  2592 | Sewer    | Reached skill level 6 in Axes
  3210 | Sewer    | Reached skill level 7 in Axes
  3210 | Sewer    | Reached XP level 7. HP: 34/52 MP: 7/7
  3549 | D:3      | Found Anuy's Antique Armour Shoppe.
  4964 | D:5      | Entered Level 5 of the Dungeon
  5007 | D:5      | Found a sand-covered staircase.
  5007 | D:5      | Noticed Grinder
  5009 | D:5      | Gained mutation: Your muscles are strong. (Str +2) [potion
                  | of mutation]
  5019 | D:5      | Killed Grinder
  5020 | D:5      | Reached skill level 8 in Axes
  5030 | D:5      | Reached XP level 8. HP: 22/58 MP: 8/8
  5216 | Ossuary  | Entered an ossuary
  5548 | Ossuary  | Reached skill level 9 in Axes
  6078 | D:3      | Bought a crude ring mail for 225 gold pieces
  6078 | D:3      | Identified the +1 ring mail "Necokorch" {rF+ rC++ rCorr
                  | Int-3} (You bought it in a shop on level 3 of the Dungeon)
  6369 | D:5      | Noticed Eustachio
  6395 | D:5      | Reached skill level 10 in Axes
  6406 | D:5      | Killed Eustachio
  6636 | D:5      | Reached XP level 9. HP: 51/64 MP: 9/9
  6931 | D:5      | Identified 2 scrolls of acquirement
  6931 | D:5      | Acquired 530 gold pieces
  6936 | D:5      | Acquired 756 gold pieces
  7059 | D:7      | Reached skill level 11 in Axes
  7080 | D:6      | HP: 3/61 [wight (2)]
  7080 | D:6      | Slain by a wight

Illustrated notes

Levels and vault maps discovered:
D:1:      onia_arrival_mini_spirals, layout_rooms
D:2:      layout_loops_ring, hellmonk_ecumenical_altar_run_dry
D:3:      layout_basic, gup_sewer_entry_bubbles, serial_shops,
          nicolae_shop_crystal, fountainhead, minmay_strange_pillars,
          kennysheep_donut, grunt_ministairs_3, uniq_purgy
D:4:      layout_gridville
D:5:      layout_loops_ring, enter_ossuary_1, uniq_eustachio, uniq_grinder
D:6:      layout_cave_pools, minmay_temple_entry_ruins
D:7:      layout_rooms, minmay_misc_feat_doors, kennysheep_path_1

Skill      XL: |  1  2  3  4  5  6  7  8  9 |
---------------+----------------------------+-----
Axes           | 3 5 7 8 10 11 | 11.1
Fighting       | |  3.4
Armour         | |  3.4
Shields        | |  3.6

Action                   |  1- 3 |  4- 6 |  7- 9 || total
-------------------------+-------+-------+-------++-------
Melee: War axe           |    67 |       |    59 ||   126
       Mace              |    16 |   226 |   216 ||   458
 Abil: Dig               |       |     1 |     3 ||     4
  Use: Scroll            |     3 |     6 |    11 ||    20
       Potion            |       |     4 |     6 ||    10
 Stab: Distracted        |       |       |     1 ||     1
Armor: Scale mail        |    47 |    12 |       ||    59
       Chain mail        |       |   279 |   110 ||   389
       Ring mail         |       |       |    23 ||    23
Dodge: Dodged            |    42 |   191 |   117 ||   350
Block: Buckler           |    19 |   103 |    65 ||   187

Table legend: (Time is in decaauts)
 A = Elapsed time spent in this place.
 B = Non-inter-level travel time spent in this place.
 C = Inter-level travel time spent in this place.
 D = Time resting spent in this place.
 E = Time spent auto-exploring this place.
 F = Levels seen in this place.
 G = Mean time per level.
                   A        B        C        D        E       F      G
               +--------+--------+--------+--------+--------+-----+--------+
         Total |   7261 |   7017 |    244 |   1593 |   3503 |   9 |  806.8 |
       Dungeon |   5547 |   5303 |    244 |    720 |   3301 |   7 |  792.4 |
         Sewer |    973 |    973 |      0 |    409 |    196 |   1 |  973.0 |
       Ossuary |    740 |    740 |      0 |    464 |      6 |   1 |  740.0 |
               +--------+--------+--------+--------+--------+-----+--------+

Top non-repeatable levels by time:
     D:3: 1314 daAuts
     D:5: 1162 daAuts
     D:2: 1063 daAuts
     D:1: 1053 daAuts
   Sewer: 973 daAuts
     D:4: 859 daAuts
 Ossuary: 740 daAuts
     D:6: 60 daAuts
     D:7: 33 daAuts
